General information
- name: BNet
- type: Ladder team game (AT/RT)
- host: Battle.net
- saver: Im_Here
map: DragonFalls
- players: 8
- length: 08:15
- speed: Fast
- version: 1.28 W3XP
- replay type: Public
» download(68 KB)
Players
team 1 (loser)
grubbyjuniorz (
pink | 70 APM | 562 actions | 08:04)
2 Demon Hunter
1 Mana Burn
1 Evasion
» actions
| Assign group hotkey | 13 | |
| Basic commands | 2 | |
| Build / train | 23 | |
| Enter build submenu | 17 | |
| Enter hero's abilities submenu | 2 | |
| Give item / drop item | 2 | |
| Right click | 196 | |
| Select / deselect | 101 | |
| Select group hotkey | 184 | |
| Use ability | 22 | |
562 total
» units
» buildings
| Moon Well | 4 | |
| Altar of Elders | 1 | |
| Hunter's Hall | 1 | |
| Ancient of War | 2 | |
| Nerubian Tower | 1 | |
| Ancient Protector | 5 | |
14 total
» build order
00:11 Moon Well
00:18 Altar of Elders
01:50 Hunter's Hall
02:01 Ancient of War
02:03 Ancient of War
02:37 Moon Well
02:52 Moon Well
03:10 Nerubian Tower
04:23 Moon Well
06:01 Ancient Protector
06:02 Ancient Protector
06:14 Ancient Protector
06:26 Ancient Protector
06:39 Ancient Protector
K1ng_SL1ng (
green | 43 APM | 348 actions | 08:04)
1 Keeper of the Grove
1 Force of Nature
1 Crypt Lord
1 Carrion Beetles
» actions
| Assign group hotkey | 3 | |
| Basic commands | 4 | |
| Build / train | 37 | |
| Enter build submenu | 17 | |
| Enter hero's abilities submenu | 2 | |
| Right click | 137 | |
| Select / deselect | 118 | |
| Select group hotkey | 6 | |
| Use ability | 24 | |
348 total
» units
| Wisp | 8 | |
| Ghoul | 7 | |
| Acolyte | 6 | |
| Huntress | 9 | |
| Crypt Fiend | 1 | |
31 total
» buildings
| Moon Well | 4 | |
| Altar of Elders | 1 | |
| Crypt | 2 | |
| Altar of Darkness | 1 | |
| Ziggurat | 3 | |
| Graveyard | 1 | |
| Hunter's Hall | 1 | |
| Ancient of War | 2 | |
| Tomb of Relics | 1 | |
| Ancient of Wonders | 1 | |
| Tree of Ages | 1 | |
| Halls of the Dead | 1 | |
19 total
» build order
00:14 Moon Well
00:15 Altar of Elders
01:00 Crypt
01:01 Crypt
01:05 Altar of Darkness
01:07 Ziggurat
01:33 Graveyard
01:45 Hunter's Hall
01:53 Ancient of War
02:02 Ziggurat
02:06 Tomb of Relics
02:36 Ancient of War
02:38 Moon Well
02:42 Moon Well
04:47 Moon Well
05:06 Ancient of Wonders
05:39 Ziggurat
06:06 Tree of Ages
06:08 Halls of the Dead
Im_Here (
teal | 8 APM | 67 actions | 08:15)
» actions
| Basic commands | 5 | |
| Build / train | 1 | |
| Right click | 31 | |
| Select / deselect | 29 | |
| Use ability | 1 | |
67 total
» upgrades
team 2 (winner)

»
TheInvestor (
yellow | 89 APM | 736 actions | 08:15)
3 Blademaster
2 Wind Walk
1 Critical Strike
1 Pandaren Brewmaster
1 Breath of Fire
» actions
| Assign group hotkey | 200 | |
| Basic commands | 27 | |
| Build / train | 31 | |
| Enter build submenu | 15 | |
| Enter hero's abilities submenu | 4 | |
| Give item / drop item | 1 | |
| Remove unit from queue | 2 | |
| Right click | 191 | |
| Select / deselect | 43 | |
| Select group hotkey | 198 | |
| Use ability | 24 | |
736 total
» units
» buildings
| Altar of Storms | 1 | |
| Orc Burrow | 4 | |
| Voodoo Lounge | 1 | |
| War Mill | 2 | |
| Stronghold | 2 | |
| Watch Tower | 2 | |
| Beastiary | 2 | |
| Barracks | 1 | |
15 total
» build order
00:03 Altar of Storms
00:13 Orc Burrow
00:54 Voodoo Lounge
01:40 War Mill
02:16 War Mill
02:42 Stronghold
02:43 Stronghold
03:33 Watch Tower
03:37 Watch Tower
04:26 Orc Burrow
04:31 Orc Burrow
05:10 Beastiary
05:11 Beastiary
05:53 Barracks
05:54 Orc Burrow
» items
| Healing Salve | 2 | |
| Lesser Clarity Potion | 2 | |
| Boots of Speed | 2 | |
| Circlet of Nobility | 2 | |
8 total

»
BAUSA (
purple | 66 APM | 541 actions | 08:15)
4 Demon Hunter
2 Mana Burn
2 Evasion
» actions
| Assign group hotkey | 32 | |
| Basic commands | 18 | |
| Build / train | 43 | |
| ESC pressed | 3 | |
| Enter build submenu | 13 | |
| Enter hero's abilities submenu | 4 | |
| Right click | 145 | |
| Select / deselect | 137 | |
| Select group hotkey | 111 | |
| Use ability | 35 | |
541 total
» units
| Wisp | 21 | |
| Archer | 7 | |
| Huntress | 4 | |
| Thunder Lizard | 1 | |
| Satyr Shadowdancer | 3 | |
36 total
» buildings
| Altar of Elders | 1 | |
| Moon Well | 4 | |
| Ancient of War | 1 | |
| Ancient of Wonders | 2 | |
| Hunter's Hall | 1 | |
| Tree of Life | 1 | |
| Tree of Ages | 1 | |
| Ancient of Wind | 2 | |
13 total
» build order
00:18 Altar of Elders
00:20 Moon Well
00:26 Ancient of War
01:39 Moon Well
01:55 Ancient of Wonders
02:50 Moon Well
03:11 Hunter's Hall
04:12 Tree of Life
04:32 Tree of Ages
05:46 Moon Well
06:07 Ancient of Wonders
07:29 Ancient of Wind
07:33 Ancient of Wind

»
Tatar1414 (
red | 53 APM | 440 actions | 08:15)
4 Keeper of the Grove
2 Force of Nature
2 Entangling Roots
» actions
| Assign group hotkey | 7 | |
| Build / train | 48 | |
| Enter build submenu | 12 | |
| Enter hero's abilities submenu | 4 | |
| Remove unit from queue | 13 | |
| Right click | 116 | |
| Select / deselect | 184 | |
| Select group hotkey | 30 | |
| Use ability | 26 | |
440 total
» units
» upgrades
| Moon Armor | 2 | |
| Strength of the Moon | 2 | |
| Improved Bows | 1 | |
5 total
» buildings
| Moon Well | 5 | |
| Altar of Elders | 1 | |
| Ancient of War | 2 | |
| Hunter's Hall | 1 | |
| Tree of Ages | 1 | |
| Ancient of Wind | 2 | |
12 total
» build order
00:19 Moon Well
00:32 Altar of Elders
00:47 Ancient of War
01:46 Ancient of War
01:57 Moon Well
02:54 Hunter's Hall
03:08 Moon Well
03:34 Tree of Ages
03:59 Moon Well
05:34 Moon Well
07:27 Ancient of Wind
07:30 Ancient of Wind
Sunofthebeach (
blue | 39 APM | 319 actions | 08:15)
3 Archmage
1 Summon Water Elemental
2 Brilliance Aura
» actions
| Assign group hotkey | 3 | |
| Basic commands | 38 | |
| Build / train | 29 | |
| Enter build submenu | 14 | |
| Enter hero's abilities submenu | 3 | |
| Right click | 100 | |
| Select / deselect | 92 | |
| Select group hotkey | 10 | |
| Use ability | 30 | |
319 total
» units
» upgrades
» buildings
| Altar of Kings | 1 | |
| Farm | 4 | |
| Lumber Mill | 1 | |
| Barracks | 3 | |
| Scout Tower | 1 | |
| Arcane Vault | 1 | |
| Blacksmith | 1 | |
| Keep | 1 | |
13 total
» build order
00:02 Altar of Kings
00:28 Farm
00:40 Lumber Mill
01:09 Farm
01:57 Barracks
02:50 Barracks
02:56 Barracks
03:04 Farm
04:04 Farm
04:05 Scout Tower
04:11 Arcane Vault
05:23 Blacksmith
07:40 Keep
» items
| Lesser Clarity Potion | 3 | |
| Scroll of Regeneration | 1 | |
4 total
Chat log
(00:27 / Allies) K1ng_SL1ng: always these level 1 bitchers
(00:28 / Allies) grubbyjuniorz: rush k
(00:43 / Allies) grubbyjuniorz: rush ok?
(00:51 / Allies) K1ng_SL1ng: 2v4 rush`?
(00:51 / Allies) grubbyjuniorz: ah its a fat nolifer being afk on purpose
(01:04 / All) TheInvestor: AOSMDA
(01:08 / Allies) grubbyjuniorz: what a fucking sad life this fag must have
(01:19 / Allies) grubbyjuniorz: ill send his computer a virus
(01:35 / Allies) grubbyjuniorz: u controll ud?
(01:40 / Allies) K1ng_SL1ng: mass ghuls
(01:46 / Allies) grubbyjuniorz: good
(01:50 / Allies) K1ng_SL1ng: me hunts
(02:14 / Allies) grubbyjuniorz: 6 hunts and then go ok?
(03:56 / Allies) grubbyjuniorz: more hunts
(03:57 / Allies) grubbyjuniorz: then go
(04:29 / All) BAUSA: afk and leaver haha
(04:40 / All) TheInvestor: good times
(04:43 / All) BAUSA: good vibes
(05:11 / Allies) grubbyjuniorz: go
(05:17 / Allies) grubbyjuniorz: i bring whisps for towers
(06:35 / Allies) K1ng_SL1ng: why u tp wtf
(06:42 / Allies) grubbyjuniorz: i didnt
(06:44 / Allies) grubbyjuniorz: human did
(07:12 / Allies) grubbyjuniorz: please die in a fire u fucking retard
(07:16 / Allies) grubbyjuniorz: teal
(07:19 / All) BAUSA: nice try :S
(07:24 / Allies) grubbyjuniorz: lets see how well ur pc works in 20 minutes
(07:29 / All) K1ng_SL1ng: stupid teal went oj back
(07:32 / Allies) grubbyjuniorz: will give u a sweet virus
(07:33 / All) K1ng_SL1ng: this gay
(07:47 / All) grubbyjuniorz: imagine how sad life u must have to be afk on purpose
(07:54 / All) grubbyjuniorz: + being here watching
(07:58 / All) K1ng_SL1ng: yellow tower noob
(08:02 / All) K1ng_SL1ng: get skill
(08:05 / All) TheInvestor: lol ?
(08:14 / All) Im_Here: gg noob team